 Dungeon Crawl Stone Soup version 0.23.0 (webtiles) character file.

Game seed: 17420854596864391186

57 Folque the Gusty (level 3, -8/19 HPs)
             Began as a Deep Elf Air Elementalist on Feb 15, 2019.
             Killed by divine providence
             ... invoked by an orc priest
              (15 damage)
             ... on level 3 of the Dungeon.
             The game lasted 00:06:05 (1656 turns).

Folque the Gusty (Deep Elf Air Elementalist)        Turns: 1656, Time: 00:06:05

Health: -8/19      AC:  3    Str:  5    XL:     3   Next: 73%
Magic:  8/9        EV: 13    Int: 20    God:
Gold:   57         SH:  0    Dex: 15    Spells: 5/8 levels left

rFire    . . .     SeeInvis .   g - +0 dagger
rCold    . . .     Gourm    .   (no shield)
rNeg     . . .     Faith    .   j - +1 robe {MR+}
rPois    .         Spirit   .   (no helmet)
rElec    .         Reflect  .   (no cloak)
rCorr    .         Harm     .   (no gloves)
MR       +....                  (no boots)
Stlth    ++........             (no amulet)
HPRegen  0.06/turn              (no ring)
MPRegen  0.11/turn              (no ring)

@: no status effects
A: no striking features
a: no special abilities


You were on level 3 of the Dungeon.
You were not hungry.

You visited 1 branch of the dungeon, and saw 3 of its levels.

You collected 57 gold pieces.

Inventory:

Hand Weapons
 g - a +0 dagger (weapon)
Missiles
 l - 4 silver tomahawks (quivered)
Armour
 a - a +0 robe
 j - a +1 robe of magic resistance (worn)
Scrolls
 d - a scroll of amnesia {unknown}
 e - a scroll of random uselessness {unknown}
 f - a scroll of enchant armour {unknown}
 m - a scroll of teleportation {unknown}
Potions
 h - a potion of agility {unknown}
 i - a potion of ambrosia
 n - a potion of curing {unknown}
Comestibles
 c - 5 rations
 k - 4 chunks of flesh


   Skills:
 + Level 2.6 Dodging
 - Level 2.4 Stealth
 - Level 3.3 Spellcasting
 * Level 2.9 Conjurations
 - Level 1.0 Charms
 * Level 3.5 Air Magic


You had 5 spell levels left.
You knew the following spells:

 Your Spells              Type           Power        Failure   Level  Hunger
a - Shock                 Conj/Air       ###.         3%          1    None
b - Swiftness             Chrm/Air       ##......     9%          2    ##.....

Your spell library contained the following spells:

 Spells                   Type           Power        Failure   Level  Hunger
 Static Discharge         Conj/Air       ###.....     11%         3    ###....
 Airstrike                Air            ###.......   32%         4    ####...
 Lightning Bolt           Conj/Air       ###.......   71%         5    ######.


Dungeon Overview and Level Annotations

Branches:
Dungeon (3/15)

Altars:


Message History

The zap hits the orc priest.
The orc priest is moderately wounded.
You hear a shout!
You hear a bark!
Casting: Shock (safe; 3% risk of failure)
Confirm with . or Enter, or press ? or * to list all spells.
Aiming: Shock (safe; 3% risk of failure)
Press: ? - help, Shift-Dir - straight line The zap hits the orc priest.
The orc priest is heavily wounded.
The zap hits the orc.
The orc is heavily wounded.
The orc priest calls upon Beogh to heal the orc.
The orc's wounds heal themselves!
The orc priest mumbles some strange prayers to Beogh against you.
Beogh smites you!
Ouch! That really hurt!
The orc priest invokes the aid of Beogh against you.
Beogh smites you!
Ouch! That really hurt!
You die...

#############
#...)........
#.####.#####.
##.####.### #<
#########..........
#.
#....@.....####.##.
#. #.##.##.##.# #.#
#. #.##.##.##...
... ..
#....##.#########
## #.o####.#
#.......# ##.######
#.# #o#


You could see an orc priest.

Vanquished Creatures
  An adder (D:2)
  An ooze (D:1)
  5 leopard geckos
  An orc (D:3)
  4 goblins
  4 hobgoblins
  6 kobolds
  A quokka (D:2)
  6 bats
  A frilled lizard (D:1)
  7 rats
37 creatures vanquished.

Notes
Turn   | Place    | Note
-------+----------+-------------------------------------------
     0 | D:1      | Folque the Deep Elf Air Elementalist began the quest for
                  | the Orb.
     0 | D:1      | Reached XP level 1. HP: 10/10 MP: 6/6
   222 | D:1      | Reached XP level 2. HP: 15/15 MP: 4/8
   483 | D:1      | Learned a level 2 spell: Swiftness
   841 | D:2      | Reached skill level 1 in Charms
   841 | D:2      | Reached XP level 3. HP: 16/19 MP: 4/9
  1489 | D:2      | Found a faded altar of an unknown god.
  1656 | D:3      | Killed from afar by an orc priest

Skill      XL: |  1  2 |
---------------+-------+-----
Conjurations   | 2 |  2.9
Charms         | 1 |  1.0
Dodging        | |  2.6
Stealth        | |  2.4
Spellcasting   | |  3.3
Air Magic      | |  3.5

Action                   || total
-------------------------++-------
Melee: Hand axe          ||    11
       Dagger            ||    44
 Cast: Shock             ||    49
  Use: Scroll            ||     4
 Stab: Sleeping          ||     1
  Eat: Chunk             ||     2
Armor: Robe              ||    15
Dodge: Dodged            ||    48
